Cogmind - Beta 17 @@@ ROGUE MODE // 2026.07.12 @ 00:21:06 Player: kite Result: Destroyed by S-10 Pest with Light Assault Rifle Performance ------------- Evolutions (0) 0 Regions Visited (4) 800 Robots Destroyed (45) 225 Value Destroyed (816) 816 Prototype IDs (39) 780 Alien Tech Used (0) 0 Bonus (300) 300 TOTAL SCORE: 2921 Bonus ------- Aligned with FarCom 300 Cogmind --------- Core Integrity 0/250 Matter 295/300 Energy 247/250 System Corruption 2% Temperature Cool (0) Movement Walking (260) Ox2 Location -9/Mines Parts ------- > --- POWER (1) -------- Ion Engine > --- PROPULSION (2) --- Aluminum Leg > --- UTILITY (2) ------ Improved Heat Sink Large Storage Unit > --- WEAPON (2) ------- EM Pulse Gun Light Assault Rifle > --- INVENTORY (15) --- Ion Engine Light Treads Aluminum Leg Medium Matter Pod (91) Improved Terrain Scanner Terrain Scan Processor Core Shielding Supersonic Drone Bay (1/1) Datajack Hammer Hammer Peak State ------------ > --- POWER ------------ Ion Engine > --- PROPULSION ------- Aluminum Leg Aluminum Leg > --- UTILITY ---------- Large Storage Unit Supersonic Drone Bay > --- WEAPON ----------- Hammer Hammer > --- INVENTORY -------- Ion Engine Ion Engine Light Treads Aluminum Leg Aluminum Leg Improved Heat Sink Improved Terrain Scanner Terrain Scan Processor Core Shielding EM Pulse Gun Light Assault Rifle [Rating: 15] Favorites ----------- Power Ion Engine Engine Ion Engine Propulsion Light Treads Treads Light Treads Leg Aluminum Leg Utility Large Storage Unit Device Improved Heat Sink Storage Large Storage Unit Processor Targeting Computer Protection Backup Plating I Weapon Hammer Energy Gun Small Laser Ballistic Gun Light Assault Rifle Impact Weapon Hammer Special Melee Weapon Datajack Build | -11 -10 -10 -10 -9 ------- Run | Yrd Mat Min Exi Min Slots Evolved . | . . . . . Power . | . . . . . Propulsion . | . . . . . Utility . | . . . . . Weapon . | . . . . . Parts Attached 30 | 7 12 6 2 3 Power 3 | 1 1 . . 1 Engine 3 | 1 1 . . 1 Core . | . . . . . Reactor . | . . . . . Propulsion 10 | 2 3 4 . 1 Treads 5 | 2 1 2 . . Leg 5 | . 2 2 . 1 Wheel . | . . . . . Hover . | . . . . . Flight . | . . . . . Utility 9 | 2 4 1 2 . Device 3 | 1 . 1 1 . Storage 3 | 1 1 . 1 . Processor 1 | . 1 . . . Hackware . | . . . . . Protection 2 | . 2 . . . Artifact . | . . . . . Weapon 8 | 2 4 1 . 1 Energy Gun 2 | . 2 . . . Energy Cannon . | . . . . . Ballistic Gun 3 | 2 . . . 1 Ballistic Cannon . | . . . . . Launcher . | . . . . . Special Weapon . | . . . . . Impact Weapon 2 | . 2 . . . Slashing Weapon . | . . . . . Piercing Weapon . | . . . . . Special Melee Weapon 1 | . . 1 . . Unidentified Prototypes . | . . . . . Parts Lost 9 | . 2 4 . 3 Power 1 | . . . . 1 Propulsion 6 | . 1 3 . 2 Utility 1 | . . 1 . . Weapon 1 | . 1 . . . Highest Loss Streak 2 | . 1 2 . 2 To Critical Strikes . | . . . . . Average Backups 10 | 3 9 11 11 12 Power 1 | . 1 2 2 1 Propulsion 2 | 1 2 2 3 2 Utility 3 | . 2 3 3 5 Weapon 1 | . 1 2 2 2 Tool/Special . | . . . . . Unused Backups 5 | . . . 1 4 Power . | . . . . . Propulsion 1 | . . . . 1 Utility 3 | . . . . 3 Weapon 1 | . . . 1 . Tool/Special . | . . . . . Average Slot Usage (%) 95 | . 95 90 100 98 Engine 13 | . 14 14 14 12 Treads 14 | . 24 19 . . Leg 13 | . 2 8 28 27 Device 7 | . 4 5 14 14 Storage 14 | . 14 14 14 14 Protection 1 | . 3 . . . Energy Gun 1 | . 4 . . 2 Ballistic Gun 6 | . 16 . . 2 Impact Weapon 17 | . 7 28 19 23 Special Melee Weapon 1 | . . . 8 . Peak Build Rating 15 | 7 8 10 15 11 Average Rating 8 | 5 7 8 11 10 On Entrance 7 | . 7 7 10 11 Avg Prop Armor Cover (%) . | . . . . . Naked Turns . | . . . . . Heaviest Build 32 | 13 32 30 30 30 Greatest Support 40 | 40 40 40 20 20 Greatest Overweight (x) 1 | . 1 1 1 1 Average Overweight (x) . | . . . 1 1 Largest Inventory Capacity 15 | 8 15 15 15 15 Average Capacity 13 | 7 12 15 15 15 Most Carried 14 | 5 13 13 14 13 Average Carried 10 | 3 9 11 11 12 Final Capacity 15 | 8 15 15 15 15 Final Carried 13 | 5 13 11 13 11 Class Distribution -------------------- 97% | Mutant Dominant Class ---------------- Mutant | -10/Materials Mutant | -10/Mines Mutant | -10/Exiles Mutant | -9/Mines Resources | -11 -10 -10 -10 -9 ----------- Run | Yrd Mat Min Exi Min Matter Collected 766 | 125 400 59 87 95 Remotely . | . . . . . Salvage Created 1368 | 147 614 379 . 228 Parts 80 | 10 43 15 . 12 Haulers Intercepted 1 | . 1 . . . Recyclers Shooed 2 | 1 1 . . . Parts Field Recycled . | . . . . . Retrieved Matter . | . . . . . Parts Self-Destructed . | . . . . . Prevented . | . . . . . Parts Restored . | . . . . . Kills | -11 -10 -10 -10 -9 ------- Run | Yrd Mat Min Exi Min Combat Hostiles Destroyed 29 | . 15 9 . 5 Melee 9 | . 2 7 . . Guns 17 | . 12 . . 5 AOE 1 | . . 1 . . Classes Destroyed 7 | 2 5 . . . Worker 3 | . 1 2 . . Builder 5 | . 3 1 . 1 Tunneler 5 | 3 . 1 . 1 Hauler 1 | . 1 . . . Recycler 2 | 1 . . . 1 Swarmer 13 | . 5 3 . 5 Grunt 16 | . 10 6 . . Best Kill Streak 3 | 2 3 3 . 3 Combat Bots Only 3 | . 3 3 . 3 Max Kills in Single Turn 2 | 1 1 1 . 2 Gunslinging 1 | . . . . 1 Exploded 1 | . . 1 . . Melee 1 | . 1 1 . . Uniques/NPCs Destroyed . | . . . . . Combat | -11 -10 -10 -10 -9 -------- Run | Yrd Mat Min Exi Min Hostile Shots Fired 170 | . 77 46 . 47 Missed 47 | . 17 13 . 17 Hits 123 | . 60 33 . 30 Projectile 123 | . 60 33 . 30 Critical Strikes 4 | . 1 2 . 1 Damage Taken 1568 | . 697 367 . 504 Core 256 | . 113 68 . 75 Absorbed by Shields . | . . . . . Core Remaining (%) 100 | 100 . . . . Volleys Fired 93 | 16 67 . . 10 Largest 2 | 2 2 . . 2 Hottest 60 | 40 60 . . 60 Shots Fired 179 | 32 127 . . 20 Gun 179 | 32 127 . . 20 Cannon . | . . . . . Launcher . | . . . . . Special . | . . . . . Kinetic 147 | 32 105 . . 10 Thermal 15 | . 15 . . . Explosive . | . . . . . Electromagnetic 17 | . 7 . . 10 Robot Hit Streak 19 | 14 19 . . 3 Robot Miss Streak 4 | 4 3 . . 3 Penetration Max . | . . . . . Secondary Targets 3 | . . . . 3 Max Gunslinging Chain 1 | . . . . 1 Shots Hit Robots 155 | 22 91 26 5 11 Core Hits 57 | 8 36 7 . 6 Critical Kills 1 | . 1 . . . Critical Parts Destroyed 8 | . 2 4 . 2 Critical Strikes 9 | . 3 4 . 2 Destroy 1 | . 1 . . . Smash 8 | . 2 4 . 2 Melee Attacks 61 | . 10 32 5 14 Impact 56 | . 10 32 . 14 Slashing . | . . . . . Piercing . | . . . . . Sneak Attacks 13 | . 2 4 5 2 Combat Hostiles . | . . . . . Follow-up Attacks 4 | . . 4 . . Damage Inflicted 2209 | 178 946 846 . 239 Guns 1070 | 178 779 . . 113 Cannons . | . . . . . Explosions . | . . . . . Melee 1137 | . 165 846 . 126 Ramming 2 | . 2 . . . Kinetic 823 | 178 604 . . 41 Thermal 133 | . 133 . . . Explosive . | . . . . . Electromagnetic 114 | . 42 . . 72 Impact 1137 | . 165 846 . 126 Slashing . | . . . . . Piercing . | . . . . . Highest Corruption 2 | . 1 1 1 2 Average Corruption 1 | . 1 1 1 1 Corruption Purged . | . . . . . Corruption Blocked . | . . . . . Effects 14 | . . 5 2 7 Message Errors 5 | . . 2 1 2 Matter Fused 3 | . . . 1 2 Heat Flow Errors 1 | . . . . 1 Energy Discharges 3 | . . 3 . . Data Loss (minor) 1 | . . . . 1 Data Loss (major) 1 | . . . . 1 Overload Shots . | . . . . . Overflow Damage 472 | . 115 231 . 126 Projectiles . | . . . . . Explosions . | . . . . . Melee 472 | . 115 231 . 126 Knockbacks 4 | . 1 2 . 1 Impact 4 | . 1 2 . 1 Kinetic . | . . . . . Secondary . | . . . . . Self-Inflicted Damage . | . . . . . Shots . | . . . . . Rammed 1 | . 1 . . . Targets Rammed 1 | . 1 . . . Kicked . | . . . . . Crushed . | . . . . . Highest Temperature 122 | . 77 9 . 122 Average Temperature 25 | . 23 9 . 71 Received Heat Transfer 489 | . 339 150 . . Siege Activations . | . . . . . Martial Activations . | . . . . . Shielding Activations . | . . . . . Robots Disrupted . | . . . . . Combat Hostiles . | . . . . . Robots Corrupted 6 | . 2 3 . 1 Combat Hostiles 2 | . 1 1 . . Parts Fried 10 | . . 8 . 2 Impact Corruptions 20 | . 5 12 . 3 Robots Melted . | . . . . . Combat Hostiles . | . . . . . Parts Melted . | . . . . . Heat Transferred 300 | . 300 . . . Parts Sabotaged . | . . . . . Parts Stolen . | . . . . . Parts Stripped . | . . . . . Power Chain Reactions . | . . . . . Alert | -11 -10 -10 -10 -9 ------- Run | Yrd Mat Min Exi Min Maximum Alert Level . | . . . . . Low Security (%) 100 | 100 100 100 . 100 Level 1 . | . . . . . Level 2 . | . . . . . Level 3 . | . . . . . Level 4 . | . . . . . Level 5 . | . . . . . High Security . | . . . . . Max Security . | . . . . . Peak Influence 112 | 5 112 67 . 75 Initial 10 | . . 10 . . Average 27 | . 42 18 . 13 Influence Increases 912 | 20 443 304 . 145 Destroy 0b10 Robot/C 580 | . 300 180 . 100 Destroy 0b10 Robot/NC 80 | 20 25 20 . 15 Destroy Leader 122 | . 72 40 . 10 Allied During Kill 3 | . . 3 . . Successful Hack 15 | . 15 . . . Select Force Hacks 30 | . 30 . . . Destroy Structure 7 | . 1 1 . 5 Lose Combat Pursuer 75 | . . 60 . 15 Influence Decreases 890 | 20 416 331 . 123 Entered New Map 17 | . . 17 . . Time Decay 826 | 20 404 294 . 108 Lost Part 47 | . 12 20 . 15 Squads Dispatched 6 | . 6 . . . Investigation 4 | . 4 . . . Extermination . | . . . . . Reinforcement 2 | . 2 . . . Assault . | . . . . . Garrison . | . . . . . Intercept . | . . . . . Searches Triggered . | . . . . . Construction Impeded . | . . . . . Haulers Reinforced . | . . . . . Active Scanning Responses . | . . . . . Cargo Convoy Interrupts . | . . . . . Stealth | -11 -10 -10 -10 -9 --------- Run | Yrd Mat Min Exi Min Distress Signals 4 | . 3 . . 1 Communications Jammed . | . . . . . Distress Signals . | . . . . . Times Spotted 49 | . 31 11 . 7 Peak Tracking Total 4 | . 4 3 . 4 Tactical Retreats 4 | . . 3 . 1 Traps | -11 -10 -10 -10 -9 ------- Run | Yrd Mat Min Exi Min Traps Triggered 3 | . 3 . . . Indirectly . | . . . . . Trap Hack Attempts . | . . . . . Triggered . | . . . . . Disarmed . | . . . . . Reprogrammed . | . . . . . Reused . | . . . . . Traps Extracted . | . . . . . Installed . | . . . . . Triggered . | . . . . . Machines | -11 -10 -10 -10 -9 ---------- Run | Yrd Mat Min Exi Min Machines Disabled . | . . . . . Max in Single Turn . | . . . . . Machines Repaired . | . . . . . Machines Dismantled . | . . . . . Machines Sabotaged . | . . . . . Overloaded Fab Kills . | . . . . . Hacking | -11 -10 -10 -10 -9 --------- Run | Yrd Mat Min Exi Min Machines Accessed 6 | . 4 . 2 . Terminals 2 | . 2 . . . Fabricators . | . . . . . Repair Stations 1 | . 1 . . . Recycling Units 1 | . 1 . . . Scanalyzers . | . . . . . Garrison Access . | . . . . . Total Hacks 16 | . 11 . 5 . Successful 10 | . 5 . 5 . Failed 6 | . 6 . . . Catastrophic 1 | . 1 . . . Database Lockouts . | . . . . . Manual 8 | . 7 . 1 . Terminals 6 | . 6 . . . Fabricators . | . . . . . Repair Stations 4 | . 4 . . . Recycling Units 1 | . 1 . . . Scanalyzers . | . . . . . Garrison Access . | . . . . . Terminal Hacks 6 | . 1 . 5 . Record 4 | . . . 4 . Part Schematic 1 | . 1 . . . Proto ID Catalog 1 | . . . 1 . Fabricator Hacks . | . . . . . Repair Station Hacks 1 | . 1 . . . Refit 1 | . 1 . . . Recycling Unit Hacks . | . . . . . Scanalyzer . | . . . . . Garrison Access Hacks . | . . . . . Unauthorized Hacks 3 | . 3 . . . Terminals 2 | . 2 . . . Botnet 2 | . 2 . . . Fabricators . | . . . . . Repair Stations . | . . . . . Recycling Units 1 | . 1 . . . Tunnel 1 | . 1 . . . Scanalyzers . | . . . . . Garrison Access . | . . . . . Data Cores Recovered . | . . . . . Used . | . . . . . Hacking Detections 3 | . 3 . . . Full Trace Events 1 | . 1 . . . Feedback Events . | . . . . . Feedback Blocked . | . . . . . Robot Schematics Acquired . | . . . . . Robots Built . | . . . . . Authchips . | . . . . . Time . | . . . . . Total Robot Build Rating . | . . . . . Part Schematics Acquired 1 | . 1 . . . Parts Built . | . . . . . Authchips . | . . . . . Time . | . . . . . Total Part Build Rating . | . . . . . Part Studies Acquired . | . . . . . Parts Repaired . | . . . . . Time . | . . . . . Parts Recycled . | . . . . . Recycled Matter . | . . . . . Retrieved Matter . | . . . . . Retrieved Components . | . . . . . Parts Scanalyzed . | . . . . . Part Schematics Acquired . | . . . . . Parts Damaged . | . . . . . Bothacking | -11 -10 -10 -10 -9 ------------ Run | Yrd Mat Min Exi Min Used RIF Installer . | . . . . . Robots Hacked 5 | . . . 5 . Non-combat 4 | . . . 4 . Combat 1 | . . . 1 . Robot Hacks Applied 5 | . . . 5 . parse_system 5 | . . . 5 . Relay Couplers Released . | . . . . . Fabnet Peak Effective % . | . . . . . Robots Rewired . | . . . . . Allies Hacked . | . . . . . Hacks Repelled . | . . . . . Allies | -11 -10 -10 -10 -9 -------- Run | Yrd Mat Min Exi Min Total Allies 1 | . . 1 . . Largest Group 1 | . . 1 . . Highest-Rated Group 31 | . . 31 . . Highest-Rated Ally 31 | . . 31 . . Total Orders 3 | . . . 3 . EXPLORE 1 | . . . 1 . RETURN 2 | . . . 2 . Ally Attacks . | . . . . . Total Damage . | . . . . . Kills . | . . . . . Allies Corrupted . | . . . . . Allies Melted . | . . . . . Intel | -11 -10 -10 -10 -9 ------- Run | Yrd Mat Min Exi Min Active Infowar (turns) 445 | 11 353 81 . . Seismic 445 | 11 353 81 . . Robot Analysis Total . | . . . . . Derelict Logs Recovered 2 | . . 2 . . Drone Launches 2 | . . . 2 . Drone Recoveries 2 | . . . 2 . Exploration | -11 -10 -10 -10 -9 ------------- Run | Yrd Mat Min Exi Min Turns Passed 3406 | 158 1254 893 616 485 Spaces Moved 1558 | 66 583 430 303 176 Core 4 | 4 . . . . Treads 863 | 62 514 287 . . Legs 691 | . 69 143 303 176 Wheels . | . . . . . Hover . | . . . . . Flight . | . . . . . Fastest Speed 50 | 50 120 160 190 190 Average Speed 171 | 153 159 169 190 190 Slowest Speed 190 | 160 190 190 190 190 Overloaded Moves . | . . . . . Propulsion Burnouts . | . . . . . Robots Hopped . | . . . . . Potential Cave-ins 4 | . . . . 4 Cave-ins Triggered 1 | . . . . 1 Exploration Rate (%) 62 | 4 84 73 91 60 Regions Visited 4 Branch Regions 3 Pre-discovered Areas 2 | . 1 . 1 . Known Exits Taken . | . . . . . Unknown Exits Taken 4 | 1 1 1 1 . Scrap Searched 1 | . . 1 . . Spaces Dug 11 | . 1 1 . 9 Terrain Destroyed 11 | . 1 1 . 9 Melee 11 | . 1 1 . 9 Projectile . | . . . . . AOE . | . . . . . Terrain Rammed . | . . . . . Walls Destroyed . | . . . . . Machines Disabled . | . . . . . Actions | -11 -10 -10 -10 -9 --------- Run | Yrd Mat Min Exi Min Total 2041 | 94 784 542 340 281 Wait 258 | . 92 76 17 73 Move 1553 | 65 582 429 302 175 Hop . | . . . . . Pick Up 21 | 6 9 3 3 . Fast Attach 15 | 6 7 . 2 . Attach 13 | 1 4 5 1 2 Detach 3 | . 2 . 1 . Swap 16 | . 3 2 5 6 Drop 13 | . 9 . 4 . Fire 93 | 16 67 . . 10 Melee 54 | . 8 27 5 14 Ram . | . . . . . Kick . | . . . . . Crush 1 | . 1 . . . Escape Stasis 1 | . . . . 1 Rewire . | . . . . . Trap . | . . . . . Miscellaneous . | . . . . . Route ------- -11/Scrapyard -10/Materials (discovered 4 exits: [*Mat x2] / [*Min x2]) -10/Mines (discovered 4 exits: [*Mat x2] / *Exi / [*Sub]) -10/Exiles (discovered 2 exits: [*Min x2]) -9/Mines History --------- Turn | Location | Event 8 | -11/Scrapyard | Discovered new exit (range 15) 159 | -11/Scrapyard | Entered Materials 179 | -10/Materials | Discovered new exit (range 16) 302 | -10/Materials | Build established: Mutant 863 | -10/Materials | Discovered new exit (range 8) 1142 | -10/Materials | Discovered new exit (range 10) 1354 | -10/Materials | Discovered new exit (range 16) 1413 | -10/Materials | Entered Mines 1714 | -10/Mines | Core integrity fell below 50% 1751 | -10/Mines | Discovered new exit (range 14) 1874 | -10/Mines | Received a Mining Laser from a helpful Derelict 1898 | -10/Mines | Discovered new exit (range 5) 1967 | -10/Mines | Learned 2 Materials zone layouts 2141 | -10/Mines | Discovered new exit (range 13) 2274 | -10/Mines | Learned Materials emergency access door positions 2296 | -10/Mines | Deemed a non-threat by the Exiles lab entrance 2296 | -10/Mines | Discovered new exit (range 5) 2306 | -10/Mines | Entered Exiles 2352 | -10/Exiles | Met 8R-AWN 2390 | -10/Exiles | Met EX-HEX 2450 | -10/Exiles | Met EX-BIN 2474 | -10/Exiles | Aligned with FarCom system 2476 | -10/Exiles | Given EX-Vault access code 2525 | -10/Exiles | Opened EX-Vault 2535 | -10/Exiles | Found AWS/Gauss 2546 | -10/Exiles | Found Supersonic Drone Bay 2553 | -10/Exiles | Discovered new exit (range 55) 2560 | -10/Exiles | Discovered new exit (range 69) 2602 | -10/Exiles | Warned to stay clear of 0b10 Research branches 2696 | -10/Exiles | Met EX-DEC 2703 | -10/Exiles | Learned location of Zion (-6) 2922 | -10/Exiles | Left Exiles lab with Supersonic Drone Bay 2922 | -10/Exiles | Entered Mines 2989 | -9/Mines | Crushed by falling debris 3011 | -9/Mines | Met a Derelict bent on vengeance 3105 | -9/Mines | Core integrity fell below 20% 3232 | -9/Mines | Excavation squad dispatched 3232 | -9/Mines | A large section of the Mines collapsed 3407 | -9/Mines | Destroyed by S-10 Pest with Light Assault Rifle Last Messages --------------- 03359_ T-07 Excavator system terminally corrupted. 03359_ Lgt. Ion Engine fried. 03359_ Seismic Detector fried. 03363_ Acquired 21 matter. 03389_ C-30 ARC bursts open, deploying its payload. 03389_ S-10 Pest unfolds itself. 03392_ R-06 Scavenger destroyed. 03393_ Aluminum Leg destroyed. 03395_ S-10 Pest destroyed. 03395_ Switching to secondary target: S-10 Pest. 03396_ Aluminum Leg destroyed. 03399_ System corrupted: Component data lost. 03401_ K-01 Serf collects debris. 03402_ S-10 Pest destroyed. 03402_ Switching to secondary target: S-10 Pest. 03402_ Destroyed Flight Unit. 03403_ Acquired 20 matter. 03404_ K-01 Serf collects debris. Map ----- +----------------------------------------------------+ | ??????????????# #### #????????# #?? | | ???????????????# #?????#### #?? | | ?????###????????# #????## ### | | ????? ?????????# #????# | | ?????# #??????????# #?????# | | ?????# #??????????# ### #????????## | | ?????# ####???????# #?## ##?????????#### "" | | #????# #???????# #??# ##?????????????## "" | | #???# ## #???????# ##?# ###???????????????# "" | | #??# ## #??????## ### ############??????# | | ### ## ######## ## #??????## | | ## ############# #####???### | | * #???????????# =#?????# | | ##???????????####% #?????# | | |## ##??????????????#$ #?????? | | #### #??????????????# #?????? | | ##??## #????????????# #?????? | | ##????## ##### #??????????# ###??## | | ##??????# #????%=## ##??????????# ### | | #####??##### #####* #?###??????????## | | # #### " #?????########## | | # #"## ##### #?????# | | ### ### #???# ###?????# | | ##??### # #???# ##??????# ######## | | ??????## ## ###??## ######## k ##????# | | ???????##### #???## @[*=%= % #????## | | ???????????# #??## =%s*[ s #?????## | | ???????????# #?## ########= #?????## | | ???????????# ### ####???????? #?????# | | ???????????# ## ##???????????? #?????# # | | ??????????## ##??????????????? ##?????# #### | | ??????????# ##????????????????##?###### ##?? | | ??????????# ###?????????????????# ### | | ??????????## ##????????????????# | | ???????????#### ####?????????????# """ ### | | ??????????????## ##????????????# """ #?? | | ???????????????## ##???????????# """ #?? | | ????????????????# #???????????# #?? | | ????????????????# #???????????# """ #?? | | ????????????????## ##???????????# """ #?? | | ?????????????????## #???????????? "?" #?? | | ??????????????????# ##??????????? ????? #?? | | ?????????????????# ##??????????? ##??????" #?? | | ?????????????????# ##?????????????????????" #?? | | ?????????????????# #??????????????????????? ??? | | ?????????????????## ##??????????????????????? ??? | | ??????????????????####????????????????????????#??? | | ?????????????????????????????????????????????????? | | | | | +----------------------------------------------------+ Best States ------------- Heat Dissipation 39 Energy Generation 10 Energy Capacity 250 Matter Stores 300 Matter Capacity 300 Sight Range 16 Terrain Scan Density 10 Armor Coverage 80 Core Shielding 20 Weapon Shielding 33 Evasion (%) 55 Targeting Accuracy 5 Recoil Reduction 2 Item Schematics ----------------- Hcp. Storage Unit | -10/Materials | Hacked Robot Schematics ------------------ None Fabricated ------------ Nothing Repaired ---------- Nothing Studied --------- None Alien Tech Used ----------------- None Achievements -------------- None Challenges ------------ None Game ------ Seed LargeWaveClaymores Manual? 0 Play Time 00:15:56 Cumulative 439.6 hours Start 2026.07.12 @ 00:07:12 End 2026.07.12 @ 00:21:06 Sessions 1 Manual Loads 0 Difficulty Rogue Special Mode None Game No. 403 Rogue 403 Adventurer 0 Explorer 0 Win Type - Total 11 Types 7/0/2/1/0/0/0/0/0/1 Lore% 61 Gallery% 69 Achievement% 64 Wizard Run 0 Options --------- Layout 1 ASCII 0 Keyboard 0 Movement Mouse Keybinds 0 Fullscreen 2 Font 24/Cog Map View 50x35 Zoom Use 16% Tactical HUD 1 Map Filters NONE Filters NONE Steam 1 RUN: d420ac51-3b7b-425a-ba86-3fdef8ce21fb